 Dungeon Crawl Stone Soup version 0.27.0-1-g7a089689b8 (webtiles) character file.

Game seed: 9757256796624083589

89 Leeroy the Slasher (level 4, -2/33 HPs)
             Began as a Djinni Warper on Aug 5, 2021.
             Killed from afar by an orc wizard (7 damage)
             ... with a magic dart
             ... on level 3 of the Dungeon.
             The game lasted 00:03:24 (3740 turns).

Leeroy the Slasher (Djinni Warper)                  Turns: 3740, Time: 00:03:25

Health: -2/33      AC:  4    Str: 10    XL:     4   Next: 84%
Gold:   44         EV: 12    Int: 15    God:
                   SH:  0    Dex: 13

rFire    + + .     SeeInvis .   a - +0 falchion
rCold    x . .     Faith    .   (no shield)
rNeg     . . .     Spirit   .   b - +1 leather armour
rPois    ∞         Reflect  .   (no helmet)
rElec    .         Harm     .   (no cloak)
rCorr    .         Rampage  .   (no gloves)
Will     .....                  (boots unavailable)
Stlth    +.........             (no amulet)
HPRegen  0.11/turn              (no ring)
MPRegen  0.00/turn              (no ring)

@: confused, flying
A: sickness immunity, fire resistance 2, cold vulnerability 1, float, innate
caster, hp casting, extra vitality 1
a: no special abilities


You were on level 3 of the Dungeon.
You visited 1 branch of the dungeon, and saw 3 of its levels.

You collected 44 gold pieces.

Inventory:

Hand Weapons
 a - a +0 falchion (weapon)
Missiles
 d - 5 boomerangs of dispersal (quivered)
 h - 34 poisoned darts
Armour
 b - a +1 leather armour (worn)
Scrolls
 c - a scroll of blinking
 f - 4 scrolls of identify {unknown}
 g - a scroll of fog {unknown}
Potions
 e - a potion of might {unknown}
 i - a potion of berserk rage {unknown}


   Skills:
 - Level 2.0 Fighting
 - Level 3.2 Long Blades
 - Level 0.7 Throwing
 - Level 1.0 Armour
 - Level 3.0 Dodging
 + Level 2.9 Spellcasting


You couldn't memorise any spells.
You knew the following spells:

 Your Spells              Type           Power      Damage    Failure   Level
a - Blink                 Tloc           N/A        N/A       12%         2
b - Lesser Beckoning      Tloc           5%         N/A       24%         3
c - Gell's Gravitas       Tloc           5%         N/A       24%         3
d - Teleport Other        Tloc           11%        N/A       24%         3
e - Manifold Assault      Tloc           11%        N/A       92%         5
f - Summon Small Mammal   Summ           44%        N/A       9%          1
Your spell library was empty.

Dungeon Overview and Level Annotations

Branches:
Dungeon (3/15)

Altars:
Xom

Shops:
D:2 *

Annotations:
D:2 Sigmund


Innate Abilities, Weirdness & Mutations

You are immune to sickness and miasma.
You are immune to poison.
Your flesh is very heat resistant. (rF++)
You are vulnerable to cold. (rC-)
You float through the air rather than walking.
You learn spells naturally, not from books.
Your magical power is your life essence.
You have superior vitality. (+4 HP)


Message History

The puff of flame misses you.
You miss something. Something hits you but does no damage.
You hit something. Something hits you.
You hit something but do no damage. Something hits you.
You miss something. Something hits you.
You barely miss something. Something hits you but does no damage.
You completely miss something. Something hits you.
You miss something.
Something hits you but does no damage. x2
You hit something. Something hits you.
You hit something but do no damage. Something hits you.
You miss something. Something hits you but does no damage.
You completely miss something.
You hear some strange, mumbled words.
Something tries to affect you, but you resist.
You closely miss something. Something hits you.
You miss something. Something hits you but does no damage.
You barely miss something. Something hits you.
You hear some strange, mumbled words.
Something tries to affect you, but you resist.
You closely miss something. Something hits you but does no damage.
You barely miss something. Something hits you.
* * * LOW HITPOINT WARNING * * *
You miss something. Something hits you but does no damage.
You barely miss something. Something completely misses you.
You hit something but do no damage. Something hits you.
* * * LOW HITPOINT WARNING * * *
You miss something.
You hear some strange, mumbled words.
You are confused.
You bump into the rock wall.
Something hits you but does no damage.
You barely miss something. Something hits you.
* * * LOW HITPOINT WARNING * * *
Something hits you.
* * * LOW HITPOINT WARNING * * *
You barely miss something. Something barely misses you.
You miss something.
An orc wizard appears from thin air!
Reactivating autopickup.
The orc wizard casts a spell at you. The magic dart hits you!
You die...

#....≈.≈.≈≈≈.≈..
###....≈§§...≈.≈..#
......≈.≈._.§.≈..#
###....≈.§..§≈.≈...
#......≈.≈≈≈§≈.≈..#.
#.#..)...≈....§..≈..#.
#.....$..≈≈.≈≈§≈≈≈....
#####o#...............
#@#....#..##>.....
#+####.#.###....#
......#.###....#
..................##
....................
........##.####...##
........##..........
........##..###...#.
........##........#.


You could see an orc wizard.

Vanquished Creatures
  An orc wizard (D:3)
  3 adders
  3 orcs (D:3)
  2 ball pythons
  An endoplasm (D:1)
  A giant cockroach (D:1)
  4 goblins
  3 hobgoblins
  4 jackals
  4 bats
  2 frilled lizards
  A kobold (D:1)
  4 rats
33 creatures vanquished.

Notes
Turn   | Place    | Note
-------+----------+-------------------------------------------
     0 | D:1      | Leeroy the Djinni Warper began the quest for the Orb.
     0 | D:1      | Reached XP level 1. HP: 18/18 MP: 0/0
    46 | D:1      | Reached XP level 2. HP: 5/23 MP: 0/0
  1478 | D:2      | Reached XP level 3. HP: 22/28 MP: 0/0
  1478 | D:2      | Learned a level 1 spell: Summon Small Mammal
  1644 | D:2      | Noticed Sigmund
  2265 | D:1      | HP: 1/28 [adder (2)]
  3181 | D:2      | Reached XP level 4. HP: 16/33 MP: 0/0
  3311 | D:2      | Found Harchor's Assorted Antiques.
  3684 | D:3      | Found a shimmering altar of Xom.
  3740 | D:3      | Killed from afar by an orc wizard

Illustrated notes

Levels and vault maps discovered:
D:1:      dpeg_arrival_simpleton_a, layout_basic, minmay_pentomino_z4
D:2:      layout_rooms, serial_shops, nicolae_diamond_shop,
          dreamdust_ecumenical_altar_angels_and_demons, uniq_sigmund
D:3:      layout_basic, mainiacjoe_overflow_concentric_impassable

Skill      XL: |  1  2  3 |
---------------+----------+-----
Long Blades    | 2 3 |  3.2
Dodging        | 3 |  3.0
Fighting       | |  2.0
Throwing       | |  0.7
Armour         | |  1.0
Spellcasting   | |  2.9

Action                   |  1- 3 |  4- 6 || total
-------------------------+-------+-------++-------
Melee: Falchion          |   110 |    75 ||   185
 Cast: Blink             |     4 |       ||     4
  Use: Scroll            |     2 |       ||     2
Armor: Leather armour    |    52 |    32 ||    84
Dodge: Dodged            |    94 |    40 ||   134
       Rpst.: Falchion   |    25 |    12 ||    37
